Map: Frozen Temple

Players

Harstem

  • Race: Protoss Protoss
  • League: Grandmaster

ThisGameSuck - Winner!

  • Race: Protoss Protoss
  • League: Grandmaster

VOD

Have the link to the VOD?

Description

Time

  • Played on: June 29, 2016, 4:46 p.m.
  • Length: 4:39
Show
View Real Time Build Order
Export as new Build Order

Harstem Protoss 

Build Orders: 1 Gate Expand, Oracle Opening 

Get SALT Encoding   

  12  0:01  Probe (Chrono Boost)  
  13  0:12  Probe (Chrono Boost)  
  14  0:19  Pylon  
  14  0:23  Probe (Chrono Boost)  
  15  0:37  Gateway, Probe (Chrono Boost)  
  16  0:48  Probe (Chrono Boost)  
  16  0:49  Assimilator  
  17  0:58  Probe (Chrono Boost)  
  18  1:09  Probe (Chrono Boost)  
  19  1:18  Nexus  
  19  1:21  Probe (Chrono Boost)  
  20  1:31  Cybernetics Core  
  20  1:36  Assimilator  
  20  1:40  Probe (Chrono Boost)  
  21  1:48  Pylon  
  21  1:51  Probe (Chrono Boost)  
  22  2:03  Probe (Chrono Boost)  
  23  2:09  Adept (Chrono Boost)  
  23  2:10  Warp Gate (Chrono Boost)  
  23  2:13  Probe  
  26  2:25  Probe  
  26  2:29  Stargate  
  27  2:31  Probe  
  27  2:35  Stalker (Chrono Boost)  
  30  2:38  Probe  
  30  2:41  Probe  
  32  2:50  Probe  
  33  2:52  Probe  
  33  2:58  Stalker (Chrono Boost)  
  34  3:01  Pylon  
  34  3:04  Mothership Core (Chrono Boost)  
  38  3:19  Probe (Chrono Boost)  
  38  3:23  Probe (Chrono Boost)  
  38  3:30  Oracle (Chrono Boost)  
  38  3:32  Pylon  
  42  3:36  Stalker  
  42  3:41  Gateway x2  
  43  3:53  Probe  
  43  3:55  Pylon  
  44  3:57  Pylon  
  47  4:22  Stalker  
Show
View Real Time Build Order
Export as new Build Order

ThisGameSuck Protoss - Winner!

Build Orders:  

Get SALT Encoding   

  12  0:01  Probe (Chrono Boost)  
  13  0:11  Probe (Chrono Boost)  
  14  0:17  Pylon  
  14  0:22  Probe (Chrono Boost)  
  16  0:35  Probe (Chrono Boost)  
  16  0:37  Gateway  
  16  0:46  Probe (Chrono Boost)  
  16  0:47  Assimilator  
  17  0:52  Assimilator  
  17  0:57  Probe (Chrono Boost)  
  18  1:07  Probe (Chrono Boost)  
  18  1:09  Gateway  
  19  1:18  Probe (Chrono Boost)  
  20  1:25  Cybernetics Core  
  20  1:28  Probe (Chrono Boost)  
  21  1:35  Pylon  
  21  1:39  Probe (Chrono Boost)  
  22  2:01  Stalker  
  22  2:02  Stalker, Mothership Core (Chrono Boost)  
  22  2:08  Warp Gate (Chrono Boost)  
  28  2:17  Gateway  
  28  2:23  Pylon  
  28  2:32  Stalker  
  30  2:41  Stalker  
  32  2:48  Pylon  
  32  3:10  Gateway  
  32  3:40  Pylon  
  32  3:57  Stalker  
  32  3:58  Stalker x2  
  38  4:05  Stalker  
  40  4:21  Stalker  
  40  4:22  Stalker x2  
  46  4:36  Stalker  
Tags
 
Add a new tag
Caveats
  • Supply blocks, unpowered buildings, or Contaminate may cause inaccurate times.
  • Supply counts are checked every 10 seconds.